 Dungeon Crawl Stone Soup version 0.16.1-7-g2c6721e (webtiles) character file.

205 xsansara the Archer (level 5, -1/41 HPs)
             Began as a Centaur Hunter on Mar 29, 2015.
             Slain by an orc
             ... wielding a +0 falchion
              (4 damage)
             ... on level 3 of the Dungeon.
             The game lasted 00:08:36 (2689 turns).

xsansara the Archer (Centaur Hunter)                Turns: 2689, Time: 00:08:36

Health: -1/41      AC:  5    Str: 14    XL:     5   Next: 52%
Magic:  4/4        EV:  8    Int: 11    God:
Gold:   90         SH:  0    Dex: 10    Spells: 0 memorised, 4 levels left

rFire  . . .     SeeInvis .     a - +0 trident
rCold  . . .     Clarity  .     i - +0 ring mail
rNeg   . . .     SustAb   .     (no shield)
rPois  .         Gourm    .     (no helmet)
rElec  .         Spirit   .     (no cloak)
rCorr  .         Warding  .     (no gloves)
rMut   .         Stasis   .     (no barding)
MR     .....                    (no amulet)
Stlth  ..........               (no ring)
                                (no ring)

@: very quick, not resistant to hostile enchantments, extremely unstealthy
A: hooves 3, deformed body, speed 2, tough skin 3
a: no special abilities


You were on level 3 of the Dungeon.
You were hungry.

You visited 1 branch of the dungeon, and saw 3 of its levels.

You collected 90 gold pieces.

Inventory:

Hand weapons
 a - a +0 trident (weapon)
 b - a +1 shortbow
 z - a +0 short sword
Armour
 d - a +0 leather armour
 i - a +0 ring mail (worn)
Magical devices
 y - a wand of frost (1)
Scrolls
 e - 2 scrolls of teleportation {unknown}
 h - 2 scrolls of remove curse {unknown}
 o - 5 scrolls of identify {unknown}
 p - 3 scrolls of enchant weapon {unknown}
 q - a scroll of noise {unknown}
 x - a scroll of blinking {unknown}
Potions
 g - a potion of brilliance {unknown}
 j - 3 potions of invisibility {unknown}
 m - 2 potions of cure mutation {unknown}
 r - a potion of poison {unknown}
 s - a potion of degeneration {unknown}
 t - 2 potions of berserk rage {unknown}
 u - a potion of curing {unknown}
 v - a potion of flight {unknown}
 w - a potion of agility {unknown}
Comestibles
 f - 4 bread rations
 k - 2 beef jerkies
 n - a meat ration


   Skills:
 - Level 2.0 Fighting
 + Level 9.1 Bows
 - Level 1.3 Dodging
 - Level 0.5 Stealth


You had 4 spell levels left.
You didn't know any spells.

Dungeon Overview and Level Annotations

Branches:
Dungeon (3/15)

Altars:
Makhleb
Vehumet


Innate Abilities, Weirdness & Mutations

You have hooves in place of feet.
Armour fits poorly on your strangely shaped body.
You cover ground very quickly.
You have extremely tough skin (AC +3).


Message History

You are too injured to fight recklessly!
You are too injured to fight recklessly!
You are too injured to fight recklessly!
You are too injured to fight recklessly!
You are too injured to fight recklessly!
You are too injured to fight recklessly!
You are too injured to fight recklessly!
You are too injured to fight recklessly!
You are too injured to fight recklessly!
You hit the orc but do no damage. The orc hits you with a falchion.
* * * LOW HITPOINT WARNING * * *
The orc barely misses you. The orc hits you with a falchion.
* * * LOW HITPOINT WARNING * * *
Your ring mail prevents you from hitting the orc.
You kick the orc, but do no damage. The orc hits you.
* * * LOW HITPOINT WARNING * * *
The orc hits you but does no damage.
You hit the orc but do no damage. The orc hits you but does no damage.
The orc hits you with a falchion.
You die...

###### ##....## #......#
##################(.....#######
.....<...........(.............
################o##....########
# #### #o@###..## ###..# #.##
##..# #....### ####.### ##.##
#.##...# #......# #..# ..####.#
##....).## ##.# ..# #.#
#(.......# #.### .#####.#
#.....>..# #...####
....##.####........# ###....#
###.##.##.....)....# ####.#


You could see 2 orcs.

Vanquished Creatures
  A crimson imp (D:3)
  2 orc priests (D:3)
  4 adders
  3 worms
  A giant gecko (D:3)
  3 orcs (D:3)
  A ball python (D:2)
  4 giant cockroaches
  3 goblins
  9 hobgoblins
  7 jackals
  A quokka (D:3)
  5 bats
  3 giant newts
  6 kobolds
  9 rats
62 creatures vanquished.

Notes
Turn   | Place    | Note
--------------------------------------------------------------
     0 | D:1      | xsansara, the Centaur Hunter, began the quest for the Orb.
     0 | D:1      | Reached XP level 1. HP: 17/17 MP: 1/1
   229 | D:1      | Reached XP level 2. HP: 8/24 MP: 2/2
   242 | D:1      | Reached skill level 6 in Bows
   703 | D:1      | Reached XP level 3. HP: 29/29 MP: 3/3
  1296 | D:2      | Reached skill level 7 in Bows
  1935 | D:2      | Reached XP level 4. HP: 34/36 MP: 3/3
  2419 | D:3      | Found a burning altar of Makhleb.
  2419 | D:3      | Found a radiant altar of Vehumet.
  2421 | D:3      | Reached skill level 8 in Bows
  2421 | D:3      | Reached XP level 5. HP: 41/41 MP: 4/4
  2685 | D:3      | Reached skill level 9 in Bows
  2688 | D:3      | HP: 2/41 [orc (3)]
  2689 | D:3      | Slain by an orc

Action                   |  1- 3 |  4- 6 || total
-------------------------+-------+-------++-------
Melee: Short sword       |    28 |       ||    28
       Trident           |       |    14 ||    14
 Fire: Shortbow          |   119 |    64 ||   183
  Eat: Chunk             |     2 |     1 ||     3
